 Dungeon Crawl Stone Soup version 0.28-a0-1567-g1695149f81 (webtiles) character file.

Game seed: 16813698167338077769

364 lessens the Chopper (level 6, -1/51 HPs)
             Began as a Draconian Abyssal Knight on Jan 19, 2022.
             Was a Priest of Lugonu.
             Slain by Ijyb (8 damage)
             ... on level 4 of the Dungeon.
             The game lasted 00:04:40 (4893 turns).

lessens the Chopper (Draconian Abyssal Knight)      Turns: 4893, Time: 00:04:40

Health: -1/51      AC:  6    Str: 17    XL:     6   Next: 39%
Magic:  8/8        EV: 11    Int: 11    God:    Lugonu [***...]
Gold:   290        SH:  3    Dex: 11    Spells: 5/5 levels left

rFire   . . .      SeeInvis .   a - +1 hand axe
rCold   . . .      Faith    .   l - +0 buckler
rNeg    . . .      Spirit   .   (armour unavailable)
rPois   .          Reflect  .   (helmet restricted)
rElec   .          Harm     .   (no cloak)
rCorr   .          Rampage  .   (no gloves)
Will    .....                   (no boots)
Stlth   +.........              (no amulet)
HPRegen 0.17/turn               (no ring)
MPRegen 0.11/turn               (no ring)

@: no status effects
A: AC +6, unfitting armour, cold-blooded
a: Renounce Religion, Depart the Abyss, Bend Space, Banish


You were on level 4 of the Dungeon.
You worshipped Lugonu.
Lugonu was most pleased with you.
You visited 1 branch of the dungeon, and saw 4 of its levels.
You visited the Abyss 1 time.

You collected 290 gold pieces.

Inventory:

Hand Weapons
 a - a +1 hand axe (weapon)
Missiles
 c - 38 stones
 o - 3 boomerangs
Armour
 l - a +0 buckler (worn)
Scrolls
 b - 4 scrolls of teleportation {unknown}
 e - a scroll of enchant armour {unknown}
 f - a scroll of holy word {unknown}
 h - a scroll of fear {unknown}
 i - 2 scrolls of blinking {unknown}
 j - 2 scrolls of fog {unknown}
 m - a scroll of noise {unknown}
 n - a scroll of enchant weapon {unknown}
 p - a scroll of amnesia {unknown}
 q - 2 scrolls of identify {unknown}
Potions
 d - a potion of invisibility {unknown}
 g - a potion of degeneration {unknown}
 k - a potion of cancellation
 r - a potion of lignification {unknown}


   Skills:
 - Level 3.2 Fighting
 * Level 6.4 Axes
 - Level 2.1 Dodging
 + Level 3.2 Invocations


You had 5 spell levels left.
You didn't know any spells.
Your spell library contained the following spells:

 Spells                   Type           Power      Damage    Failure   Level
 Animate Skeleton         Necr           0%         N/A       43%         1
 Pain                     Necr           0%         1d4       43%         1


Dungeon Overview and Level Annotations

Branches:
Dungeon (4/15)
 Temple: D:4-7

Altars:

Annotations:
D:4 Ijyb


Innate Abilities, Weirdness & Mutations

Your plain brown scales are hard. (AC +6)
You cannot fit into any form of body armour.
You are cold-blooded and may be slowed by cold attacks.


Message History

The goblin hits you but does no damage.
You barely miss Ijyb. You hit the goblin.
You kill the goblin!
Lugonu accepts your kill.
You miss the goblin. Ijyb hits you with a +6 club.
The goblin shoots a stone.
The stone hits you but does no damage. You block the goblin's attack.
You hit Ijyb but do no damage. You hit the goblin but do no damage.
Ijyb hits you with a +6 club!
The goblin shoots a stone.
The stone misses you. The goblin misses you.
You barely miss Ijyb. You barely miss the goblin.
Ijyb screams, "Me stronger than you!" Ijyb hits you with a +6 club.
The goblin shoots a stone.
You block the stone. The goblin hits you but does no damage.
You hit Ijyb but do no damage. You hit the goblin.
You kill the goblin!
Lugonu accepts your kill. Ijyb barely misses you.
The goblin shoots a stone.
The stone hits you. Ijyb hits you with a +6 club.
The goblin unwields a +0 hunting sling.
The goblin wields a +0 club.
The goblin closely misses you.
Things that are here:
a +0 dagger; a +0 club; a goblin corpse You hit Ijyb but do no damage.
Your tail-slap misses Ijyb.
You closely miss the goblin.
Ijyb screams, "Get away!"
Ijyb hits you with a +6 club.
* * * LOW HITPOINT WARNING * * *
The goblin closely misses you.
You hit Ijyb.
Ijyb is moderately wounded.
You hit the goblin.
You kill the goblin!
Lugonu accepts your kill. Ijyb closely misses you.
You hit Ijyb but do no damage.
Ijyb is moderately wounded.
Ijyb hits you with a +6 club!
* * * LOW HITPOINT WARNING * * *
It was a potion of cancellation.
You feel magically purged. Ijyb hits you with a +6 club!
You die...

######### #..?.(..#
#8.....8# #.......#
#8.....8# #...#.#.......#
....#.#8)g@).8# .##
#..#.#.......# ..#
#..#.#8.....8# + ..#
#............###.# ..#
#.............$..#
..######........#.......#
......##........#.......#
..........#..#..........#
......#.................#


You could see Ijyb.

Vanquished Creatures
  A necrophage (D:3)
  A water moccasin skeleton (D:4)
  Jessica (D:3)
  7 gnolls
  5 adders
  A worm (D:2)
  3 dart slugs
  3 endoplasms
  A giant cockroach (D:1)
  13 goblins
  10 hobgoblins
  9 jackals
  3 quokkas
  5 ball pythons
  8 bats
  4 frilled lizards
  3 kobolds
  4 rats
82 creatures vanquished.

Vanquished Creatures (others)
  6 fungi (D:2)
  5 toadstools (D:2)
11 creatures vanquished.

Grand Total: 93 creatures vanquished

Notes
Turn   | Place    | Note
-------+----------+-------------------------------------------
     0 | Abyss:1  | lessens the Draconian Abyssal Knight began the quest for
                  | the Orb.
     0 | Abyss:1  | Reached XP level 1. HP: 19/19 MP: 2/2
    26 | D:1      | Escaped the Abyss
   594 | D:1      | Reached XP level 2. HP: 26/26 MP: 3/3
   760 | D:1      | Reached skill level 3 in Axes
  1374 | D:1      | Found a faded altar of an unknown god.
  1575 | D:1      | Reached ** piety under Lugonu
  1607 | D:2      | Identified the +0 ring mail of Ysmonk {*Slow rElec Will+++
                  | Slay-6}
  1810 | D:2      | Reached XP level 3. HP: 25/31 MP: 4/4
  2090 | D:2      | Reached skill level 4 in Axes
  2284 | D:2      | Reached XP level 4. HP: 27/38 MP: 5/5
  3307 | D:2      | Reached skill level 5 in Axes
  3538 | D:3      | Reached XP level 5. HP: 45/45 MP: 6/6
  3743 | D:3      | Reached *** piety under Lugonu
  3804 | D:3      | Noticed Jessica
  3832 | D:3      | Killed Jessica
  3839 | D:3      | Got Jessica's Collected Works on Evil Magic
  4715 | D:4      | Reached skill level 6 in Axes
  4767 | D:4      | Noticed a necrophage
  4790 | D:3      | Killed a necrophage
  4791 | D:3      | Reached XP level 6. HP: 45/51 MP: 8/8
  4877 | D:4      | Noticed Ijyb
  4893 | D:4      | Slain by Ijyb

Illustrated notes

Levels and vault maps discovered:
D:1:      dpeg_arrival_erosion, layout_loops_ring,
          shapermc_ecumenical_altar_hornbeckon, minivault_19
D:2:      layout_basic, grunt_ministairs_3, minmay_gold_behind_fungi,
          minmay_misc_feat_room, minmay_octomino_j4
D:3:      layout_basic, nicolae_concentric_dashed_squares_mild,
          kennysheep_jessica_study
D:4:      kennysheep_the_goblin_king, layout_loops_cross,
          gammafunk_temple_overflow_pools, kennysheep_okawaru_gauntlet,
          gammafunk_ghost_grave, minivault_25, minmay_misc_feat_plants,
          hangedman_abyss_or_decor_stabs, kennysheep_windowed_goal

Skill      XL: |  1  2  3  4  5 |
---------------+----------------+-----
Axes           | 3 4 5 6 |  6.4
Invocations    | 3 |  3.2
Fighting       | |  3.2
Dodging        | |  2.1

Action                   |  1- 3 |  4- 6 || total
-------------------------+-------+-------++-------
Melee: Hand axe          |   114 |   166 ||   280
       Tailslap          |    14 |    23 ||    37
       Punch             |     2 |       ||     2
  Use: Potion            |       |     1 ||     1
 Stab: Sleeping          |     1 |     2 ||     3
Armor: Skin              |    38 |    40 ||    78
Dodge: Dodged            |    81 |    98 ||   179
Block: Buckler           |       |    15 ||    15

Table legend: (Time is in decaauts)
 A = Elapsed time spent in this place.
 B = Non-inter-level travel time spent in this place.
 C = Inter-level travel time spent in this place.
 D = Time resting spent in this place.
 E = Time spent auto-exploring this place.
 F = Levels seen in this place.
 G = Mean time per level.
                   A        B        C        D        E       F      G
               +--------+--------+--------+--------+--------+-----+--------+
         Total |   4943 |   4817 |    126 |    193 |   3914 |   5 |  988.6 |
       Dungeon |   4917 |   4791 |    126 |    193 |   3914 |   4 | 1229.2 |
         Abyss |     26 |     26 |      0 |      0 |      0 |   1 |   26.0 |
               +--------+--------+--------+--------+--------+-----+--------+

Top non-repeatable levels by time:
     D:2: 2130 daAuts
     D:1: 1579 daAuts
     D:3: 1029 daAuts
     D:4: 178 daAuts
 Abyss:1: 26 daAuts
